 Dungeon Crawl Stone Soup version 0.28-a0-429-g1448048969 (webtiles) character file.

Game seed: 8846072951710379239

99 Dittersdorf the Covered (level 4, -2/29 HPs)
             Began as a Gargoyle Fighter on Sept 10, 2021.
             Slain by an iguana (10 damage)
             ... on level 4 of the Dungeon.
             The game lasted 00:04:17 (2451 turns).

Dittersdorf the Covered (Gargoyle Fighter)          Turns: 2451, Time: 00:04:18

Health: -2/29      AC: 11    Str: 20    XL:     4   Next: 72%
Magic:  4/4        EV:  9    Int:  9    God:
Gold:   141        SH:  4    Dex:  9    Spells: 3/3 levels left

rFire   . . .      SeeInvis .   a - +0 flail
rCold   . . .      Faith    .   c - +0 buckler
rNeg    + . .      Spirit   .   b - +0 scale mail
rPois   ∞          Reflect  .   (no helmet)
rElec   +          Harm     .   (no cloak)
rCorr   .          Rampage  .   r - +0 pair of gloves
Will    .....                   (no boots)
Stlth   ..........              (no amulet)
HPRegen 0.09/turn               (no ring)
MPRegen 0.09/turn               (no ring)

@: no status effects
A: sickness immunity, AC +3, negative energy resistance 1, electricity
resistance, torment resistance 1, petrification resistance
a: no special abilities


You were on level 4 of the Dungeon.
You visited 1 branch of the dungeon, and saw 4 of its levels.

You collected 141 gold pieces.

Inventory:

Hand Weapons
 a - a +0 flail (weapon)
Missiles
 m - 19 poisoned darts (quivered)
Armour
 b - a +0 scale mail (worn)
 c - a +0 buckler (worn)
 o - a +0 plate armour
 r - a +0 pair of gloves (worn)
Scrolls
 e - 2 scrolls of identify {unknown}
 f - a scroll of vulnerability {unknown}
 g - a scroll of fear {unknown}
 h - a scroll of enchant armour {unknown}
 j - a scroll of acquirement {unknown}
 k - a scroll of enchant weapon {unknown}
 n - a scroll of amnesia {unknown}
 s - a scroll of fog {unknown}
 t - 2 scrolls of noise {unknown}
 u - a scroll of magic mapping
Potions
 d - a potion of might
 i - a potion of invisibility {unknown}
 l - a potion of degeneration {unknown}
 p - a potion of attraction {unknown}
 q - a potion of haste {unknown}
 v - a potion of flight {unknown}
 w - 2 potions of curing {unknown}


   Skills:
 + Level 4.1 Fighting
 + Level 2.9 Maces & Flails
 + Level 4.1 Armour
 - Level 4.0 Shields


You had 3 spell levels left.
You didn't know any spells.
Your spell library contained the following spells:

 Spells                   Type           Power      Damage    Failure   Level
 Sting                    Tmut/Pois      0%         1d3       75%         1
 Poisonous Vapours        Pois/Air       0%         N/A       86%         2
 Olgreb's Toxic Radiance  Pois           0%         N/A       100%        4
 Petrify                  Tmut/Erth      0%         N/A       100%        4
 Irradiate                Conj/Tmut      0%         3d13      100%        5
 Sublimation of Blood     Necr           Unusable   N/A       N/A         2

Dungeon Overview and Level Annotations

Branches:
Dungeon (4/15)
 Temple: D:4-7

Altars:
Hepliaklqana

Shops:
D:1 :


Innate Abilities, Weirdness & Mutations

You are immune to sickness and miasma.
Your stone body is resilient. (AC +3)
You are immune to poison.
You resist negative energy. (rN+)
You are resistant to electric shocks. (rElec)
You are resistant to unholy torment.
You are immune to petrification.


Message History

The iguana bites you but does no damage.
You closely miss the iguana. You block the iguana's attack.
You sock the iguana!
The iguana is severely wounded.
You block the iguana's attack.
The iguana bites you but does no damage.
You hit the iguana but do no damage.
The iguana is severely wounded.
The iguana bites you.
You closely miss the iguana.
The iguana is severely wounded.
The iguana bites you.
You barely miss the iguana.
The iguana is severely wounded.
The iguana bites you. x2
You closely miss the iguana.
The iguana is severely wounded.
The iguana bites you but does no damage.
You closely miss the iguana.
The iguana is severely wounded.
The iguana misses you.
You closely miss the iguana.
The iguana is severely wounded.
The iguana bites you!
* * * LOW HITPOINT WARNING * * *
You hit the iguana.
The iguana is almost dead.
The iguana hisses menacingly.
The iguana bites you but does no damage.
You hit the iguana but do no damage.
The iguana is almost dead.
The iguana bites you but does no damage.
The iguana closely misses you.
You completely miss the iguana.
The iguana is almost dead.
The iguana barely misses you.
You hit the iguana but do no damage.
The iguana is almost dead.
The iguana bites you!
You die...

######## *,,,,,,,**** *,*
#......# ********* *,* *
#......######## *,***
#...).........*#### ***,**,
#####.....#.#...,...#### *,,,**,
......##........*......#***,***,,
...#####......###.......,,,,* *,,
...<#.......####.l......***** *,,
...##.#####.####@.......,* *,,
...##..................#*******,,
...#########...........# *,,,*,,
#### #.....####.##***,,,***
#####.# *,#*,,,,,,,* #.#
*,**,,,,,,,* #.# *,**,,,,**,**
#.# *,***,****,,, *.#***,***,*
****


You could see an iguana.

Vanquished Creatures
  4 adders
  2 worms (D:2)
  A dart slug (D:1)
  An orc (D:3)
  5 bats
  5 endoplasms
  2 giant cockroaches
  4 hobgoblins
  4 kobolds
  A quokka (D:2)
  4 ball pythons
  3 frilled lizards (D:1)
  11 goblins
  6 rats
53 creatures vanquished.

Notes
Turn   | Place    | Note
-------+----------+-------------------------------------------
     0 | D:1      | Dittersdorf the Gargoyle Fighter began the quest for the
                  | Orb.
     0 | D:1      | Reached XP level 1. HP: 14/14 MP: 1/1
   116 | D:1      | Found Hesakof's Book Shop.
   157 | D:1      | Reached XP level 2. HP: 18/19 MP: 2/2
   311 | D:1      | Found a faded altar of an unknown god.
   870 | D:2      | Reached XP level 3. HP: 24/24 MP: 3/3
  1386 | D:2      | Reached XP level 4. HP: 13/29 MP: 4/4
  1596 | D:2      | Found a hazy altar of Hepliaklqana.
  2451 | D:4      | Slain by an iguana

Illustrated notes

Levels and vault maps discovered:
D:1:      dpeg_arrival_round_c, layout_rooms, serial_shops, shop,
          shapermc_ecumenical_altar_starsandcircs,
          amcnicky_mini_rare_corridor_liquid
D:2:      layout_loops_ring, basic_altar, serial_glass, glass_columns_c,
          glass_columns_c, glass_columns_b, glass_columns_a, glass_columns_b,
          glass_columns_a, glass_columns_a, glass_columns_a, glass_columns_a,
          glass_columns_a, glass_columns_b, glass_columns_b, glass_columns_a,
          glass_columns_c, kennysheep_generic_room_4
D:3:      layout_basic
D:4:      layout_basic, nicolae_shop_firing_range

Skill      XL: |  1  2  3  4 |
---------------+-------------+-----
Armour         | 4 |  4.1
Fighting       | 4 |  4.1
Shields        | 4 |  4.0
Maces & Flails | |  2.9

Action                   |  1- 3 |  4- 6 || total
-------------------------+-------+-------++-------
Melee: Flail             |   124 |    82 ||   206
  Use: Scroll            |       |     1 ||     1
Armor: Scale mail        |    79 |    41 ||   120
Dodge: Dodged            |    69 |    45 ||   114
Block: Buckler           |    21 |    20 ||    41

Table legend: (Time is in decaauts)
 A = Elapsed time spent in this place.
 B = Non-inter-level travel time spent in this place.
 C = Inter-level travel time spent in this place.
 D = Time resting spent in this place.
 E = Time spent auto-exploring this place.
 F = Levels seen in this place.
 G = Mean time per level.
                   A        B        C        D        E       F      G
               +--------+--------+--------+--------+--------+-----+--------+
         Total |   2509 |   2372 |    137 |    319 |   1551 |   4 |  627.2 |
       Dungeon |   2509 |   2372 |    137 |    319 |   1551 |   4 |  627.2 |
               +--------+--------+--------+--------+--------+-----+--------+

Top non-repeatable levels by time:
     D:2: 1040 daAuts
     D:1: 885 daAuts
     D:3: 517 daAuts
     D:4: 66 daAuts
